 Dungeon Crawl Stone Soup version 0.28-a0-662-g1651b1f1e0 (webtiles) character file.

Game seed: 11791333389905420479

578 RepHenryClay the Destroyer (level 7, -4/36 HPs)
             Began as a Deep Elf Hedge Wizard on Oct 14, 2021.
             Slain by a sky beast (5 damage)
             ... on level 5 of the Dungeon.
             The game lasted 00:07:18 (5294 turns).

RepHenryClay the Destroyer (Deep Elf Hedge Wizard)  Turns: 5294, Time: 00:07:18

Health: -4/36      AC:  2    Str: 13    XL:     7   Next: 13%
Magic:  4/15       EV: 12    Int: 21    God:
Gold:   235        SH:  0    Dex: 14    Spells: 5/14 levels left

rFire   . . .      SeeInvis .   a - +2 dagger (elec)
rCold   . . .      Faith    .   (no shield)
rNeg    . . .      Spirit   .   b - +0 robe
rPois   .          Reflect  .   c - +0 hat
rElec   .          Harm     .   (no cloak)
rCorr   .          Rampage  .   (no gloves)
Will    .....                   (no boots)
Stlth   ++........              (no amulet)
HPRegen 0.12/turn               t - +6 ring of strength
MPRegen 0.14/turn               (no ring)

@: no status effects
A: no striking features
a: no special abilities


You were on level 5 of the Dungeon.
You visited 1 branch of the dungeon, and saw 5 of its levels.

You collected 235 gold pieces.

Inventory:

Hand Weapons
 a - a +2 dagger of electrocution (weapon)
 i - a +0 dagger of draining
 n - a +0 dagger
Armour
 b - a +0 robe (worn)
 c - a +0 hat (worn)
Magical Staves
 h - a staff of air
Jewellery
 j - an amulet of guardian spirit
 t - a +6 ring of strength (left hand)
Wands
 p - a wand of paralysis (12)
Scrolls
 d - 2 scrolls of summoning {unknown}
 f - a scroll of teleportation {unknown}
 g - 5 scrolls of identify {unknown}
 l - a scroll of amnesia {unknown}
 o - a scroll of vulnerability {unknown}
 q - a scroll of fog {unknown}
 s - a scroll of immolation {unknown}
Potions
 e - a potion of flight {unknown}
 k - a potion of attraction {unknown}
 m - a potion of brilliance {unknown}
 r - a potion of might {unknown}
 u - a potion of degeneration {unknown}


   Skills:
 - Level 2.4 Dodging
 - Level 2.9 Stealth
 - Level 4.4 Spellcasting
 + Level 8.3 Conjurations
 - Level 1.1 Summonings
 - Level 1.1 Translocations


You had 5 spell levels left.
You knew the following spells:

 Your Spells              Type           Power      Damage    Failure   Level
a - Magic Dart            Conj           100%       1d8       1%          1
c - Conjure Flame         Conj/Fire      22%        6-21      6%          3
d - Mephitic Cloud        Conj/Pois/Air  16%        N/A       11%         3
Q - Blink                 Tloc           N/A        N/A       11%         2

Your spell library contained the following spells:

 Spells                   Type           Power      Damage    Failure   Level
 Call Imp                 Summ           9%         N/A       11%         2
 Slow                     Hex            4%         N/A       17%         2
 Gell's Gravitas          Tloc           4%         N/A       22%         3
 Lesser Beckoning         Tloc           9%         N/A       22%         3
 Teleport Other           Tloc           9%         N/A       22%         3


Dungeon Overview and Level Annotations

Branches:
Dungeon (5/15)
 Temple: D:4-7

Altars:
Ashenzari
Cheibriados
Gozag
Qazlal
Yredelemnul
The Shining One

Shops:
D:4 (   D:5 (


Message History

The magic dart hits something.
Casting: Magic Dart (safe; 1% risk of failure)
Confirm with . or Enter, or press ? or * to list all spells.
Aiming: Magic Dart (safe; 1% risk of failure)
Press: ? - help, Shift-Dir - straight line, f - you The magic dart hits something.
Something hits you. Something shocks you.
Huge Dmg: -25%(-9hp) hp: 75%(27hp)
Casting: Magic Dart (safe; 1% risk of failure)
Confirm with . or Enter, or press ? or * to list all spells.
Aiming: Magic Dart (safe; 1% risk of failure)
Press: ? - help, Shift-Dir - straight line, f - you The magic dart hits something.
Something hits you. Something shocks you.
Huge Dmg: -16%(-6hp) hp: 59%(21hp)
Casting: Magic Dart (safe; 1% risk of failure)
Confirm with . or Enter, or press ? or * to list all spells.
Aiming: Magic Dart (safe; 1% risk of failure)
Press: ? - help, Shift-Dir - straight line, f - you The magic dart hits something but does no damage.
Something hits you. Something shocks you.
* * * LOW HITPOINT WARNING * * *
Huge Dmg: -22%(-8hp) hp: 37%(13hp)
Casting: Magic Dart (safe; 1% risk of failure)
Confirm with . or Enter, or press ? or * to list all spells.
Aiming: Magic Dart (safe; 1% risk of failure)
Press: ? - help, Shift-Dir - straight line, f - you The magic dart hits something but does no damage.
Something hits you.
* * * LOW HITPOINT WARNING * * *
Something shocks you.
* * * LOW HITPOINT WARNING * * *
Huge Dmg: -23%(-8hp) hp: 14%(5hp)
Casting: Magic Dart (safe; 1% risk of failure)
Confirm with . or Enter, or press ? or * to list all spells.
Aiming: Magic Dart (safe; 1% risk of failure)
Press: ? - help, Shift-Dir - straight line, f - you The magic dart hits something but does no damage.
Something hits you.
* * * LOW HITPOINT WARNING * * *
Something shocks you.
You die...

#########################
........................#
#.......##############...
#.#####.# #..# #.# #..#
#.# #..# #@# #..# #{#
#..# #..†# ###..# .†...>.
#..... .........# #.#..#
.#8..8#.... #.#..<
.##....##..######.#.#. .#
...... #.##.....#... ..
#$$$$## .##.....####


There were no monsters in sight!

Vanquished Creatures
  Grinder (D:4)
  A water moccasin zombie (D:4)
  A jelly (D:5)
  A centaur skeleton (D:4)
  2 iguanas
  An orc wizard (D:5)
  A hound zombie (D:4)
  A hound skeleton (D:4)
  A howler monkey zombie (D:4)
  4 adders
  An ufetubus (D:4)
  An adder zombie (D:4)
  3 worms
  4 dart slugs
  4 orcs
  7 ball pythons
  5 endoplasms
  5 giant cockroaches
  9 goblins
  19 hobgoblins
  4 jackals (D:1)
  7 quokkas
  3 bats
  A frilled lizard (D:2)
  6 kobolds
  A quokka zombie (D:4)
  2 rats
96 creatures vanquished.

Notes
Turn   | Place    | Note
-------+----------+-------------------------------------------
     0 | D:1      | RepHenryClay the Deep Elf Hedge Wizard began the quest for
                  | the Orb.
     0 | D:1      | Reached XP level 1. HP: 10/10 MP: 7/7
   421 | D:1      | Reached XP level 2. HP: 15/15 MP: 2/9
   441 | D:1      | Reached skill level 2 in Conjurations
  1036 | D:1      | Reached skill level 3 in Conjurations
  1084 | D:1      | Reached XP level 3. HP: 19/19 MP: 7/10
  1590 | D:2      | Found a glowing golden altar of the Shining One.
  2156 | D:2      | Reached skill level 4 in Conjurations
  2263 | D:2      | Found a faded altar of an unknown god.
  2311 | D:2      | Reached XP level 4. HP: 24/24 MP: 8/12
  2448 | D:2      | Learned a level 2 spell: Blink
  2452 | D:2      | Learned a level 3 spell: Conjure Flame
  2456 | D:2      | Learned a level 3 spell: Mephitic Cloud
  3149 | D:3      | Found a stormy altar of Qazlal.
  3186 | D:3      | Found a broken altar of Ashenzari.
  3443 | D:3      | Found a snail-covered altar of Cheibriados.
  3528 | D:4      | Noticed Grinder
  3545 | D:4      | Killed Grinder
  3546 | D:4      | Reached skill level 6 in Conjurations
  3546 | D:4      | Reached XP level 5. HP: 28/28 MP: 7/13
  3546 | D:4      | Reached XP level 6. HP: 32/32 MP: 7/14
  3963 | D:4      | Reached skill level 7 in Conjurations
  4296 | D:4      | Found Mealaps's Weapon Shop.
  4742 | D:4      | Found a basalt altar of Yredelemnul.
  4996 | D:5      | Entered Level 5 of the Dungeon
  5093 | D:5      | Reached skill level 8 in Conjurations
  5093 | D:5      | Reached XP level 7. HP: 29/36 MP: 8/15
  5167 | D:5      | Found Aleareakh's Weapon Shop.
  5220 | D:5      | Found an opulent altar of Gozag.
  5294 | D:5      | HP: 1/36 [something (4)]
  5294 | D:5      | Slain by a sky beast

Illustrated notes

Levels and vault maps discovered:
D:1:      beargit_arrival_greenhouse, layout_basic
D:2:      layout_basic, basic_altar, chequers_ecumenical_altar_twisty
D:3:      cheibrodos_greedy_goblins, layout_basic, ashenzari_altar_1,
          nicolae_overflow_crystal_walls, kennysheep_slug_shrine,
          grunt_ministairs_1
D:4:      layout_rooms, nicolae_yredelemnul_corpse_copse, serial_shops, shop,
          nrook_mini_backslash, uniq_grinder
D:5:      layout_basic, kennysheep_mini_moat, jmf_multi_god_temple,
          lemuel_doored_altar, serial_shops, shop, minmay_crossroads

Skill      XL: |  1  2  3  4  5  6 |
---------------+-------------------+-----
Conjurations   | 3 4 6 8 |  8.3
Dodging        | |  2.4
Stealth        | |  2.9
Spellcasting   | |  4.4
Summonings     | |  1.1
Translocations | |  1.1

Action                   |  1- 3 |  4- 6 |  7- 9 || total
-------------------------+-------+-------+-------++-------
Melee: Dagger            |    15 |    70 |       ||    85
 Cast: Magic Dart        |   122 |    92 |    16 ||   230
       Mephitic Cloud    |       |     2 |       ||     2
 Stab: Sleeping          |       |     2 |       ||     2
Armor: Robe              |     6 |    20 |       ||    26
Dodge: Dodged            |    43 |    64 |       ||   107

Table legend: (Time is in decaauts)
 A = Elapsed time spent in this place.
 B = Non-inter-level travel time spent in this place.
 C = Inter-level travel time spent in this place.
 D = Time resting spent in this place.
 E = Time spent auto-exploring this place.
 F = Levels seen in this place.
 G = Mean time per level.
                   A        B        C        D        E       F      G
               +--------+--------+--------+--------+--------+-----+--------+
         Total |   5300 |   5233 |     67 |   1095 |   3491 |   5 | 1060.0 |
       Dungeon |   5300 |   5233 |     67 |   1095 |   3491 |   5 | 1060.0 |
               +--------+--------+--------+--------+--------+-----+--------+

Top non-repeatable levels by time:
     D:1: 1511 daAuts
     D:3: 1337 daAuts
     D:2: 1154 daAuts
     D:4: 1000 daAuts
     D:5: 297 daAuts
